 Dungeon Crawl Stone Soup version 0.29-a0-266-gf56f883ddd (webtiles) character file.

Game seed: 11720027424008565895

82 Armakuni the Twirler (level 4, -2/35 HPs)
             Began as a Human Gladiator on Mar 6, 2022.
             Succumbed to a kobold brigand's curare-tipped dart
             ... on level 3 of the Dungeon.
             The game lasted 00:03:09 (2372 turns).

Armakuni the Twirler (Human Gladiator)              Turns: 2372, Time: 00:03:10

Health: -2/35      AC:  8    Str: 14    XL:     4   Next: 70%
Magic:  4/4        EV: 12    Int: 10    God:
Gold:   156        SH:  0    Dex: 15    Spells: 3/3 levels left

rFire   . . .      SeeInvis .   a - +0 quarterstaff
rCold   . . .      Faith    .   (shield currently unavailable)
rNeg    . . .      Spirit   .   b - +0 leather armour
rPois   .          Reflect  .   c - +1 helmet
rElec   .          Harm     .   o - +0 cloak
rCorr   .          Rampage  .   (no gloves)
Will    +....                   n - +1 pair of boots
Stlth   +.........              (no amulet)
HPRegen 0.11/turn               W - ring of willpower
MPRegen 0.09/turn               (no ring)

@: lethally poisoned (-2 -> -24), slowed, very slow
A: no striking features
a: no special abilities


You were on level 3 of the Dungeon.
You visited 1 branch of the dungeon, and saw 3 of its levels.

You collected 156 gold pieces.

Inventory:

Hand Weapons
 a - a +0 quarterstaff (weapon)
Missiles
 d - 3 throwing nets
 e - a javelin
 f - 6 poisoned darts (quivered)
Armour
 b - a +0 leather armour (worn)
 c - a +1 helmet (worn)
 n - a +1 pair of boots (worn)
 o - a +0 cloak (worn)
Jewellery
 W - a ring of willpower (left hand)
Scrolls
 j - a scroll of teleportation
 l - a scroll of enchant armour
 m - a scroll of vulnerability
Potions
 g - a potion of lignification {unknown}
 i - a potion of might {unknown}
 k - a potion of flight {unknown}


   Skills:
 + Level 3.4 Fighting
 + Level 4.1 Staves
 - Level 2.0 Throwing
 - Level 3.0 Dodging


You had 3 spell levels left.
You didn't know any spells.
Your spell library contained the following spells:

 Spells                   Type           Power      Damage    Failure   Level
 Tukima's Dance           Hex            0%         N/A       82%         3
 Passage of Golubria      Tloc           0%         N/A       99%         4
 Yara's Violent Unravell  Hex/Tmut       0%         3d3       100%        5


Dungeon Overview and Level Annotations

Branches:
Dungeon (3/15)

Altars:


Message History

It is a scroll of identify.
j - a scroll of teleportation
As you read the scroll of identify, it crumbles to dust.
m - a scroll of vulnerability You see here a +0 robe.
Found a stone staircase leading down.
A quokka comes into view.
Found 10 gold pieces.
A quokka is nearby!
The quokka barely misses you.
You closely miss the quokka.
The quokka bites you but does no damage.
You hit the quokka.
The quokka is heavily wounded.
The quokka bites you but does no damage.
You closely miss the quokka.
The quokka is heavily wounded.
The quokka bites you but does no damage.
The quokka barely misses you.
You sock the quokka!
You kill the quokka!
No target in view!
You see here a quokka corpse.
You now have 156 gold pieces (gained 10).
A kobold brigand comes into view.
It is wielding a +0 whip and quivering curare-tipped darts.
The kobold brigand shouts!
The kobold brigand throws a curare-tipped dart.
The curare-tipped dart hits you.
You are poisoned.
You have difficulty breathing.
You feel yourself slow down.
A kobold brigand is nearby!
You feel very sick.
The kobold brigand throws a curare-tipped dart.
The curare-tipped dart hits you.
You are lethally poisoned!
You have difficulty breathing.
You feel as though you will be slow longer.
* * * LOW HITPOINT WARNING * * *
You feel extremely sick.
You die...

.###.######.##.#
<###.######.##.#
.##.........##.#
....#######.##.# .####
#.##.## ### .#
#.#...####..... .#
#...........K..
.##########.#...####.####
............##..@#
################.# #.#
#.# ##### #.# ....# #.#
###.#### #.# ...†...###
#.# ###......# #.#


There were no monsters in sight!

Vanquished Creatures
  2 gnolls (D:1)
  An adder (D:3)
  A worm (D:2)
  A dart slug (D:1)
  2 ball pythons (D:1)
  4 bats
  4 endoplasms
  2 giant cockroaches (D:1)
  8 hobgoblins
  4 kobolds
  A quokka (D:3)
  5 frilled lizards
  7 goblins
  2 rats
44 creatures vanquished.

Notes
Turn   | Place    | Note
-------+----------+-------------------------------------------
     0 | D:1      | Armakuni the Human Gladiator began the quest for the Orb.
     0 | D:1      | Reached XP level 1. HP: 16/16 MP: 1/1
   152 | D:1      | Reached XP level 2. HP: 22/22 MP: 2/2
   236 | D:1      | Found a faded altar of an unknown god.
   448 | D:1      | Reached XP level 3. HP: 28/28 MP: 3/3
   857 | D:1      | Reached XP level 4. HP: 35/35 MP: 4/4
  1640 | D:2      | Reached skill level 4 in Staves
  2369 | D:3      | Noticed a kobold brigand
  2372 | D:3      | Succumbed to a kobold brigand's curare-tipped dart

Illustrated notes

Levels and vault maps discovered:
D:1:      erik_arrival_orb_chamber, layout_loops_corners,
          ebering_ecumenical_altar_sacrificial
D:2:      layout_loops_cross, chequers_serial_rivers_marsh
D:3:      layout_loops_ring

Skill      XL: |  1  2  3  4 |
---------------+-------------+-----
Fighting       | 3 |  3.4
Staves         | 4 |  4.1
Throwing       | |  2.0
Dodging        | |  3.0

Action                   |  1- 3 |  4- 6 || total
-------------------------+-------+-------++-------
Melee: Quarterstaff      |    64 |    42 ||   106
Throw: Dart              |       |     1 ||     1
  Use: Scroll            |     3 |     2 ||     5
 Stab: Sleeping          |     1 |     1 ||     2
Armor: Leather armour    |    30 |    13 ||    43
Dodge: Dodged            |    49 |    26 ||    75

Table legend: (Time is in decaauts)
 A = Elapsed time spent in this place.
 B = Non-inter-level travel time spent in this place.
 C = Inter-level travel time spent in this place.
 D = Time resting spent in this place.
 E = Time spent auto-exploring this place.
 F = Levels seen in this place.
 G = Mean time per level.
                   A        B        C        D        E       F      G
               +--------+--------+--------+--------+--------+-----+--------+
         Total |   2385 |   2358 |     27 |      3 |   1974 |   3 |  795.0 |
       Dungeon |   2385 |   2358 |     27 |      3 |   1974 |   3 |  795.0 |
               +--------+--------+--------+--------+--------+-----+--------+

Top non-repeatable levels by time:
     D:1: 1172 daAuts
     D:2: 678 daAuts
     D:3: 534 daAuts
